 Dungeon Crawl Stone Soup version 0.31-a0-221-gbddc013574 (webtiles) character file.

Game seed: 5808643754317905482

8828 qw the Cleaver (level 11, -15/71 HPs)
             Began as a Gargoyle Fighter on July 4, 2023.
             Demolished by a tentacled starspawn (17 damage)
             ... on level 2 of the Abyss.
             The game lasted 00:04:55 (9034 turns).

qw the Cleaver (Gargoyle Fighter)                   Turns: 9034, Time: 00:04:55

Health: -15/71     AC: 29    Str: 22    XL:     11   Next: 37%
Magic:  11/11      EV:  8    Int:  9    God:
Gold:   571        SH: 10    Dex:  9    Spells: 10/10 levels left

rFire   . . .        Y - +0 war axe (freeze)
rCold   + . .        t - +0 kite shield
rNeg    + . .        k - +3 chain mail
rPois   inf          r - +0 helmet
rElec   +            i - +2 cloak
rCorr   +            o - +0 pair of gloves
SInv    .            (no boots)
Will    .....        b - amulet of the acrobat Stlth
                     j - ring of protection from cold
HPRegen 0.31/turn    c - ring of resist corrosion
MPRegen 0.12/turn

%: acrobat
@: no status effects
A: sickness immunity, AC +8, negative energy resistance 1, electricity
resistance, torment resistance 1, petrification resistance, iridescent scales 1,
weak 1
a: no special abilities


You were on level 2 of the Abyss.
You visited 2 branches of the dungeon, and saw 11 of its levels.
You visited the Abyss 1 time.
You also visited: Ossuary.

You collected 571 gold pieces.


Innate Abilities, Weirdness & Mutations

You are immune to sickness and miasma.
Your stone body is resilient. (AC +8)
You are immune to poison.
You resist negative energy. (rN+)
You are resistant to electric shocks. (rElec)
You are resistant to unholy torment.
You are immune to petrification.
You are partially covered in iridescent scales. (AC +2)
You are weak. (Str -2)


   Skills:
 - Level 9.0 Fighting
 - Level 11.1 Axes
 - Level 1.2 Throwing
 - Level 6.1 Armour
 + Level 1.9 Dodging
 - Level 10.0 Shields


You had 10 spell levels left.
You didn't know any spells.
Your spell library was empty.

Inventory:

Hand Weapons
 g - a +0 flail
 Y - a +0 war axe of freezing (weapon)
Armour
 i - a +2 cloak (worn)
 k - a +3 chain mail (worn)
 o - a +0 pair of gloves (worn)
 r - a +0 helmet (worn)
 t - a +0 kite shield (worn)
Jewellery
 b - an amulet of the acrobat (around neck)
 c - a ring of resist corrosion (right hand)
 j - a ring of protection from cold (left hand)
Scrolls
 e - 3 scrolls of identify
Potions
 a - 2 potions of magic
 d - 2 potions of might
 f - 7 potions of haste
 h - 2 potions of attraction
 l - a potion of lignification
 n - a potion of mutation
 p - a potion of curing

Dungeon Overview and Level Annotations

Branches:
Dungeon (10/15)            Temple (1/1) D:5         Ossuary (visited)
   Lair: D:8-11         Orc: D:9-12

Altars:
Ashenzari
Dithmenos
Elyvilon
Fedhas
Gozag
Hepliaklqana
Kikubaaqudgha
Makhleb
Nemelex Xobeh
Qazlal
Ru
Sif Muna
Trog
Uskayaw
Vehumet
Wu Jian
Xom
Zin
The Shining One

Annotations:
D:10 Sonja


Message History

You hit the tentacled starspawn. You freeze the tentacled starspawn.
The starspawn tentacle loses its grip on you.
You barely miss the ancient zyme.
The ancient zyme hits you but does no damage.
The ancient zyme hits you.
A tentacle flies out from the starspawn's body!
The starcursed mass shrieks in your mind.
The starspawn tentacle closely misses you.
A starspawn tentacle comes into view.
You hit the starspawn tentacle. You freeze the starspawn tentacle.
You destroy the starspawn tentacle!
You hit the starcursed mass. You freeze the starcursed mass.
You destroy the starcursed mass!
You barely miss the tentacled starspawn.
You hit the ancient zyme. You freeze the ancient zyme.
You block the ancient zyme's attack. x2
A tentacle flies out from the starspawn's body!
A starspawn tentacle comes into view.
You hit the ancient zyme. You freeze the ancient zyme.
The ancient zyme is almost destroyed.
You hit the starspawn tentacle. You freeze the starspawn tentacle.
You hit the tentacled starspawn but do no damage.
You slash the starspawn tentacle! You freeze the starspawn tentacle.
You block the starspawn tentacle's attack.
The ancient zyme hits you but does no damage.
You block the ancient zyme's attack.
The tentacled starspawn bites you but does no damage.
The tentacled starspawn closely misses you.
You block the starspawn tentacle's attack.
The starspawn tentacle grabs you. The starspawn tentacle constricts you.
You barely miss the starspawn tentacle.
The starspawn tentacle is heavily damaged.
You barely miss the ancient zyme.
You hit the starspawn tentacle but do no damage.
You slash the tentacled starspawn! You freeze the tentacled starspawn.
The starspawn tentacle loses its grip on you.
The ancient zyme hits you but does no damage.
You block the ancient zyme's attack.
A starcursed mass splits.
The tentacled starspawn bites you!
You die...

. # . #.# #. ..# #
. #.#... X. #..#.
.. ### ####X .
.#.#...# #...# . .
...##. # ##.## # #
..#.#
..###...###...# ##
. .......@x.....X
.#
#........wXw......
# #.#
....#.....#.... .
# #.##...###...##
... # . .....
.....# .. .. .## .
............ . ###
... ......... . .
#............... #
# .. . .


You could see a starcursed mass, a tentacled starspawn, an ancient zyme and 2
starspawn tentacles.

Vanquished Creatures
  Fannar (D:10)
  Erica (D:8)
  A two-headed ogre (D:10)
  Psyche (D:8)
  2 shadows (D:10)
  A wraith (D:10)
  11 yaks
  2 wyverns
  A steam dragon (D:9)
  A large abomination (Abyss:2)
  3 water moccasins
  4 ice beasts
  A black bear (D:6)
  3 ogres
  2 centaurs
  4 starcursed masses (Abyss:2)
  2 phantoms
  4 bullfrogs
  2 elf zombies (Ossuary)
  A scorpion (D:4)
  10 wights (D:7)
  A troll zombie (D:10)
  3 killer bees (D:9)
  6 howler monkeys
  8 hounds
  A human zombie (Ossuary)
  3 jellies (D:6)
  A gnoll bouda (D:6)
  7 orc priests
  5 iguanas
  7 orc wizards
  6 ogre zombies (D:10)
  4 mummies (Ossuary)
  4 adders
  4 gnolls (D:6)
  A shadow imp (D:5)
  3 white imps
  An ufetubus (D:4)
  3 worms
  3 dart slugs
  30 orcs
  9 ball pythons
  8 bats
  3 endoplasms
  3 giant cockroaches
  4 gnoll zombies (Ossuary)
  4 goblins
  10 hobgoblins
  4 jackals (D:3)
  2 quokkas
  2 frilled lizards
  6 goblin zombies
  4 hobgoblin zombies
  2 jackal zombies (Ossuary)
  3 kobolds
  A kobold zombie (Ossuary)
  9 orc zombies (D:10)
  A quokka zombie (D:5)
  4 rats
  2 starspawn tentacles (Abyss:2)
240 creatures vanquished.

Vanquished Creatures (others)
  A human (D:5)
  2 starspawn tentacles (Abyss:2)
3 creatures vanquished.

Grand Total: 243 creatures vanquished

Notes
Turn   | Place    | Note
-------+----------+-------------------------------------------
     0 | D:1      | qw the Gargoyle Fighter began the quest for the Orb.
     0 | D:1      | Reached XP level 1. HP: 14/14 MP: 1/1
     0 | D:1      | 0 ||| qw: Version: 0.3-a-41-g9d075ac
     0 | D:1      | 0 ||| qw: Game counter: 814
     0 | D:1      | 0 ||| qw: Melee chars always use a shield: true
     0 | D:1      | 0 ||| qw: God list: Okawaru
     0 | D:1      | 0 ||| qw: Allow faded altars: false
     0 | D:1      | 0 ||| qw: Do Orc after clearing Dungeon:15 true
     0 | D:1      | 0 ||| qw: Do second Lair branch before Depths: true
     0 | D:1      | 0 ||| qw: Lair rune preference: random
     0 | D:1      | 0 ||| qw: Goals: Normal, Zot:1-4, Slime:5, God:TSO, Crypt,
                  | Tomb, Abyss, Pan, Hells, Win
     0 | D:1      | 0 ||| PLANNING D:1-11
    23 | D:1      | Reached skill level 2 in Axes
   133 | D:1      | Reached XP level 2. HP: 19/19 MP: 2/2
   433 | D:1      | Reached skill level 3 in Axes
   456 | D:1      | Reached XP level 3. HP: 23/23 MP: 3/3
   687 | D:1      | 687 ||| UPGRADING to +2 cloak.
   692 | D:1      | 692 ||| READING 2 scrolls labelled JEZIEPRADUA.
   693 | D:1      | 693 ||| READING scroll labelled ZIFRISH ORUSH.
   696 | D:1      | 696 ||| READING scroll labelled HIROL QAAG ZEY.
   697 | D:1      | 697 ||| READING scroll labelled PERRYE ZIGA.
   698 | D:1      | 698 ||| READING scroll labelled VEACAO KOULIO.
   699 | D:1      | 699 ||| DROPPING scroll of vulnerability.
   851 | D:2      | 851 ||| DROPPING +0 club.
  1113 | D:2      | Reached XP level 4. HP: 28/28 MP: 4/4
  1160 | D:2      | 1160 ||| Stepping ~*~*~tactically~*~*~ (stealth).
  1162 | D:2      | 1162 ||| Stepping ~*~*~tactically~*~*~ (stealth).
  1176 | D:2      | 1176 ||| Stepping ~*~*~tactically~*~*~ (stealth).
  1177 | D:2      | 1177 ||| Stepping ~*~*~tactically~*~*~ (stealth).
  1299 | D:2      | 1299 ||| UPGRADING to ring of protection from cold.
  1300 | D:2      | 1300 ||| READING scroll labelled MYHOSING WAOMU.
  1301 | D:2      | 1301 ||| READING scroll labelled VIOBUZX ZIAVASCH.
  1302 | D:2      | 1302 ||| DROPPING +0 whip.
  1303 | D:2      | 1303 ||| READING scroll labelled VUECVE FEVESU.
  1406 | D:3      | Reached skill level 4 in Axes
  1607 | D:3      | 1607 ||| Stepping ~*~*~tactically~*~*~ (stealth).
  1610 | D:3      | 1610 ||| Stepping ~*~*~tactically~*~*~ (stealth).
  1612 | D:3      | 1612 ||| Stepping ~*~*~tactically~*~*~ (stealth).
  1624 | D:3      | 1624 ||| FLEEEEING.
  1625 | D:3      | 1625 ||| FLEEEEING.
  1626 | D:3      | 1626 ||| FLEEEEING.
  1627 | D:3      | 1627 ||| FLEEEEING.
  1628 | D:3      | 1628 ||| FLEEEEING.
  1629 | D:3      | 1629 ||| FLEEEEING.
  1630 | D:3      | 1630 ||| FLEEEEING.
  1631 | D:3      | 1631 ||| FLEEEEING.
  1632 | D:3      | 1632 ||| FLEEEEING.
  1633 | D:3      | 1633 ||| FLEEEEING.
  1634 | D:3      | 1634 ||| FLEEEEING.
  1635 | D:3      | 1635 ||| FLEEEEING.
  1636 | D:3      | 1636 ||| FLEEEEING.
  1637 | D:3      | 1637 ||| FLEEEEING.
  1638 | D:3      | 1638 ||| FLEEEEING.
  1639 | D:3      | 1639 ||| FLEEEEING.
  1640 | D:3      | 1640 ||| FLEEEEING.
  1641 | D:3      | 1641 ||| FLEEEEING.
  1642 | D:3      | 1642 ||| FLEEEEING.
  1643 | D:3      | 1643 ||| FLEEEEING.
  1644 | D:3      | 1644 ||| FLEEEEING.
  1645 | D:3      | 1645 ||| FLEEEEING.
  1646 | D:3      | 1646 ||| FLEEEEING.
  1647 | D:3      | 1647 ||| FLEEEEING.
  1648 | D:3      | 1648 ||| STAIRDANCE
  1668 | D:2      | 1668 ||| UPGRADING to +0 chain mail.
  1678 | D:2      | 1678 ||| DROPPING +0 scale mail.
  1679 | D:2      | 1679 ||| READING scroll labelled SIMESA TOKE YTUM.
  1680 | D:2      | 1680 ||| DRINKING 2 smoky puce potions.
  1681 | D:2      | 1681 ||| DRINKING 2 smoky black potions.
  1682 | D:2      | 1682 ||| READING 2 scrolls of identify.
  1682 | D:2      | 1682 ||| IDENTIFYING smoky green potion
  1683 | D:2      | 1683 ||| DROPPING potion of degeneration.
  1688 | D:3      | Reached XP level 5. HP: 28/32 MP: 5/5
  1688 | D:3      | 1688 ||| STAIRDANCE
  1846 | D:3      | Reached skill level 5 in Axes
  2025 | D:3      | 2025 ||| READING 2 scrolls of identify.
  2025 | D:3      | 2025 ||| IDENTIFYING smoky red potion
  2233 | D:4      | Reached XP level 6. HP: 34/39 MP: 6/6
  2503 | D:4      | 2503 ||| Stepping ~*~*~tactically~*~*~ (stealth).
  2785 | D:4      | 2785 ||| Stepping ~*~*~tactically~*~*~ (hiding).
  2789 | D:4      | 2789 ||| Stepping ~*~*~tactically~*~*~ (hiding).
  3000 | D:4      | 3000 ||| UPGRADING to +0 pair of gloves.
  3005 | D:4      | 3005 ||| UPGRADING to amulet of the acrobat.
  3010 | D:4      | 3010 ||| READING scroll labelled ATEKYHU CENEKK.
  3011 | D:4      | 3011 ||| DRINKING 2 yellow potions.
  3011 | D:4      | Gained mutation: You are weak. (Str -2) [potion of
                  | mutation]
  3011 | D:4      | Gained mutation: You are partially covered in iridescent
                  | scales. (AC +2) [potion of mutation]
  3012 | D:4      | 3012 ||| READING 3 scrolls of identify.
  3012 | D:4      | 3012 ||| IDENTIFYING orange potion
  3013 | D:4      | 3013 ||| READING 2 scrolls of identify.
  3013 | D:4      | 3013 ||| IDENTIFYING fuming sapphire potion
  3014 | D:4      | 3014 ||| DROPPING potion of brilliance.
  3026 | D:5      | Entered Level 5 of the Dungeon
  3027 | D:5      | 3027 ||| PLANNING OSSUARY
  3065 | D:5      | Found a shimmering altar of Xom.
  3074 | D:5      | Reached skill level 6 in Axes
  3079 | D:5      | Reached XP level 7. HP: 32/44 MP: 7/7
  3131 | D:5      | Found an ancient bone altar of Kikubaaqudgha.
  3131 | D:5      | Noticed a human
  3137 | D:5      | Found a blossoming altar of Fedhas.
  3138 | D:5      | Killed a human
  3154 | D:5      | Reached skill level 1 in Dodging
  3320 | D:5      | 3320 ||| FLEEEEING.
  3321 | D:5      | 3321 ||| FLEEEEING.
  3325 | D:5      | 3325 ||| FLEEEEING.
  3326 | D:5      | 3326 ||| FLEEEEING.
  3327 | D:5      | 3327 ||| FLEEEEING.
  3328 | D:5      | 3328 ||| FLEEEEING.
  3329 | D:5      | 3329 ||| FLEEEEING.
  3330 | D:5      | 3330 ||| FLEEEEING.
  3331 | D:5      | 3331 ||| FLEEEEING.
  3332 | D:5      | 3332 ||| FLEEEEING.
  3333 | D:5      | 3333 ||| FLEEEEING.
  3334 | D:5      | 3334 ||| FLEEEEING.
  3336 | D:5      | 3336 ||| FLEEEEING.
  3337 | D:5      | 3337 ||| FLEEEEING.
  3338 | D:5      | 3338 ||| FLEEEEING.
  3339 | D:5      | 3339 ||| FLEEEEING.
  3340 | D:5      | 3340 ||| FLEEEEING.
  3341 | D:5      | 3341 ||| FLEEEEING.
  3342 | D:5      | 3342 ||| FLEEEEING.
  3343 | D:5      | 3343 ||| FLEEEEING.
  3344 | D:5      | 3344 ||| FLEEEEING.
  3345 | D:5      | 3345 ||| FLEEEEING.
  3346 | D:5      | 3346 ||| FLEEEEING.
  3351 | D:5      | 3351 ||| FLEEEEING.
  3352 | D:5      | 3352 ||| FLEEEEING.
  3353 | D:5      | 3353 ||| FLEEEEING.
  3354 | D:5      | 3354 ||| FLEEEEING.
  3355 | D:5      | 3355 ||| FLEEEEING.
  3356 | D:5      | 3356 ||| FLEEEEING.
  3362 | D:5      | 3362 ||| Stepping ~*~*~tactically~*~*~ (hiding).
  3415 | D:5      | 3415 ||| Stepping ~*~*~tactically~*~*~ (stealth).
  3416 | D:5      | 3416 ||| Stepping ~*~*~tactically~*~*~ (stealth).
  3439 | D:5      | Found a sand-covered staircase.
  3440 | D:5      | 3440 ||| READING scroll labelled POWAILU IGON.
  3441 | D:5      | 3441 ||| Stepping ~*~*~tactically~*~*~ (stealth).
  3442 | D:5      | 3442 ||| Stepping ~*~*~tactically~*~*~ (stealth).
  3447 | Ossuary  | Entered an ossuary
  3466 | Ossuary  | Reached skill level 7 in Axes
  3660 | Ossuary  | Reached XP level 8. HP: 50/50 MP: 8/8
  3755 | Ossuary  | 3755 ||| READING 2 scrolls labelled GUINOB QOKUMU.
  3756 | Ossuary  | 3756 ||| DRINKING 2 coppery potions.
  3861 | Ossuary  | 3861 ||| DRINKING 3 emerald potions.
  3862 | Ossuary  | 3862 ||| DROPPING potion of berserk rage.
  3863 | Ossuary  | 3863 ||| DROPPING scroll of amnesia.
  3877 | D:5      | 3877 ||| PLANNING D:1-11
  3996 | D:5      | Found a staircase to the Ecumenical Temple.
  3997 | D:5      | 3997 ||| PLANNING TEMPLE
  3997 | D:5      | 3997 ||| DROPPING ring of magical power.
  3998 | D:5      | 3998 ||| READING scroll labelled TICEIN JEAROCS.
  4007 | Temple   | Entered the Ecumenical Temple
  4172 | Temple   | 4172 ||| PLANNING D:1-11
  4545 | D:5      | Found a stormy altar of Qazlal.
  4677 | D:6      | Reached skill level 8 in Axes
  4890 | D:6      | Reached skill level 6 in Fighting
  5326 | D:6      | Reached skill level 9 in Axes
  5326 | D:6      | Reached XP level 9. HP: 49/55 MP: 9/9
  5464 | D:6      | 5464 ||| FLEEEEING.
  5465 | D:6      | 5465 ||| FLEEEEING.
  5466 | D:6      | 5466 ||| FLEEEEING.
  5467 | D:6      | 5467 ||| FLEEEEING.
  5468 | D:6      | 5468 ||| FLEEEEING.
  5469 | D:6      | 5469 ||| FLEEEEING.
  5470 | D:6      | 5470 ||| FLEEEEING.
  5471 | D:6      | 5471 ||| FLEEEEING.
  5633 | D:6      | 5633 ||| UPGRADING to +3 chain mail.
  5643 | D:6      | 5643 ||| DROPPING +0 chain mail.
  5880 | D:6      | Found a glowing silver altar of Zin.
  5997 | D:7      | 5997 ||| READING scroll of brand weapon.
  5997 | D:7      | 5997 ||| BRANDING +0 war axe of flaming.
  6075 | D:7      | 6075 ||| FLEEEEING.
  6165 | D:7      | 6165 ||| Stepping ~*~*~tactically~*~*~ (stealth).
  6166 | D:7      | 6166 ||| Stepping ~*~*~tactically~*~*~ (stealth).
  6411 | D:7      | Found a glowing golden altar of the Shining One.
  6432 | D:7      | Found a shadowy altar of Dithmenos.
  6631 | D:7      | Found the +0 toga "Victory" {*Victory Clar}
  6726 | D:7      | 6726 ||| UPGRADING to +0 helmet.
  6731 | D:7      | 6731 ||| UPGRADING to +0 kite shield.
  6741 | D:7      | 6741 ||| DROPPING +0 buckler.
  6742 | D:7      | 6742 ||| DRINKING 2 fizzy orange potions.
  6778 | D:8      | Noticed Erica
  6784 | D:8      | Killed Erica
  6785 | D:8      | Reached XP level 10. HP: 63/63 MP: 10/10
  6872 | D:8      | Noticed Psyche
  6873 | D:8      | 6873 ||| Stepping ~*~*~tactically~*~*~ (stealth).
  6886 | D:8      | Killed Psyche
  6895 | D:8      | 6895 ||| Stepping ~*~*~tactically~*~*~ (hiding).
  6994 | D:8      | 6994 ||| Stepping ~*~*~tactically~*~*~ (stealth).
  7031 | D:8      | 7031 ||| Stepping ~*~*~tactically~*~*~ (stealth).
  7032 | D:8      | 7032 ||| Stepping ~*~*~tactically~*~*~ (stealth).
  7035 | D:8      | 7035 ||| Stepping ~*~*~tactically~*~*~ (stealth).
  7042 | D:8      | 7042 ||| Stepping ~*~*~tactically~*~*~ (stealth).
  7043 | D:8      | 7043 ||| Stepping ~*~*~tactically~*~*~ (stealth).
  7076 | D:8      | 7076 ||| Stepping ~*~*~tactically~*~*~ (hiding).
  7080 | D:8      | Reached skill level 9 in Shields
  7338 | D:8      | Found a sparkling altar of Nemelex Xobeh.
  7416 | D:8      | 7416 ||| UPGRADING to ring of resist corrosion.
  7417 | D:8      | 7417 ||| READING 3 scrolls of identify.
  7417 | D:8      | 7417 ||| IDENTIFYING lumpy clear potion
  7418 | D:8      | 7418 ||| DROPPING potion of invisibility.
  7477 | D:9      | 7477 ||| Stepping ~*~*~tactically~*~*~ (stealth).
  7478 | D:9      | 7478 ||| Stepping ~*~*~tactically~*~*~ (stealth).
  7499 | D:9      | 7499 ||| DRINKING 2 potions of curing.
  7499 | D:9      | 7499 ||| (to cure confusion)
  7502 | D:9      | 7502 ||| DRINKING potion of curing.
  7502 | D:9      | 7502 ||| (to cure confusion)
  7519 | D:9      | Reached skill level 1 in Throwing
  7521 | D:9      | Reached skill level 10 in Axes
  7764 | D:9      | Reached skill level 6 in Armour
  8444 | D:9      | 8444 ||| READING scroll labelled MIPTUY NIOWNAFF.
  8478 | D:10     | Entered Level 10 of the Dungeon
  8488 | D:10     | 8488 ||| Stepping ~*~*~tactically~*~*~ (stealth).
  8489 | D:10     | Noticed a two-headed ogre
  8490 | D:10     | 8490 ||| Stepping ~*~*~tactically~*~*~ (stealth).
  8492 | D:10     | 8492 ||| Stepping ~*~*~tactically~*~*~ (stealth).
  8495 | D:10     | Noticed Fannar
  8503 | D:10     | Killed a two-headed ogre
  8504 | D:10     | Reached skill level 11 in Axes
  8504 | D:10     | Reached XP level 11. HP: 54/68 MP: 11/11
  8537 | D:10     | HP: 15/68 [Fannar/bolt of cold (6)]
  8538 | D:10     | 8538 ||| READING scroll of teleportation.
  8539 | D:10     | 8539 ||| DRINKING 5 potions of heal wounds.
  8572 | D:10     | 8572 ||| Stepping ~*~*~tactically~*~*~ (stealth).
  8573 | D:10     | 8573 ||| Stepping ~*~*~tactically~*~*~ (stealth).
  8712 | D:10     | 8712 ||| Stepping ~*~*~tactically~*~*~ (stealth).
  8779 | D:10     | HP: 3/68 [Fannar/bolt of cold (20)]
  8780 | D:10     | 8780 ||| DRINKING 4 potions of heal wounds.
  8788 | D:10     | HP: 13/68 [Fannar/bolt of cold (6)]
  8789 | D:10     | 8789 ||| DRINKING 3 potions of heal wounds.
  8802 | D:10     | Killed Fannar
  8848 | D:10     | Noticed Sonja
  8849 | D:10     | 8849 ||| Stepping ~*~*~tactically~*~*~ (stealth).
  8903 | D:10     | 8903 ||| FLEEEEING.
  8905 | D:10     | 8905 ||| Stepping ~*~*~tactically~*~*~ (stealth).
  8918 | D:10     | Reached skill level 9 in Fighting
  8922 | Abyss:2  | Cast into level 2 of the Abyss (Sonja)
  8996 | Abyss:2  | 8996 ||| Stepping ~*~*~tactically~*~*~ (stealth).
  9006 | Abyss:2  | Noticed a starcursed mass
  9015 | Abyss:2  | 9015 ||| Stepping ~*~*~tactically~*~*~ (hiding).
  9020 | Abyss:2  | HP: 17/71 [starcursed mass/accursed screaming (10)]
  9021 | Abyss:2  | 9021 ||| DRINKING 2 potions of heal wounds.
  9021 | Abyss:2  | Noticed a tentacled starspawn
  9025 | Abyss:2  | HP: 10/71 [ancient zyme (10)]
  9026 | Abyss:2  | 9026 ||| DRINKING potion of heal wounds.
  9030 | Abyss:2  | HP: 14/71 [ancient zyme (7)]
  9031 | Abyss:2  | HP: 1/71 [starcursed mass/accursed screaming (8)]
  9034 | Abyss:2  | Demolished by a tentacled starspawn

Levels and vault maps discovered:
D:1:      mrwooster_arrival_statue, layout_loops_cross, minmay_misc_feat_rugged,
          minmay_close_crescents
D:2:      layout_rooms, minmay_misc_feat_room, kennysheep_flooded_box,
          minmay_tetromino_l4
D:3:      layout_basic
D:4:      layout_basic
D:5:      layout_loops_ring, mainiacjoe_overflow_alcove_1,
          mainiacjoe_overflow_small_starburst, tgw_kikubaaqudgha,
          nicolae_overflow_hidden_temple, temple_hall, enter_ossuary_4
D:6:      layout_basic, lemuel_tele_altar, reono_crystal_passage,
          hangedman_decor_clover_reticule
D:7:      layout_cave_pools, nicolae_overflow_crystal_walls,
          mainiacjoe_overflow_catwalk
D:8:      layout_loops_ring, nemelex_spade_bored_becter, uniq_erica, uniq_psyche
D:9:      layout_gridville, serial_glass, glass_columns_a, glass_columns_c,
          feat_on_display, item_on_display_a
D:10:     layout_loops_ring, okawaru_metal_pillars_1_2,
          nicolae_yredelemnul_corpse_copse, kennysheep_mini, zombieorc2_lemuel,
          minmay_dual_archer_statues, uniq_nergalle, uniq_sonja, uniq_fannar
Temple:   bh_familiar_temple
Abyss:2:  base:
D:2

Skill      XL: |  1  2  3  4  5  6  7  8  9 10 11 |
---------------+----------------------------------+-----
Axes           | 2 3 4 5 6 7 9 11 | 11.1
Fighting       | 4 5 6 7 8 9 |  9.0
Dodging        | 1 |  1.9
Armour         | 4 5 6 |  6.1
Shields        | 7 9 10 | 10.0
Throwing       | 1 |  1.2

Action                     |  1- 3 |  4- 6 |  7- 9 | 10-12 || total
---------------------------+-------+-------+-------+-------++-------
  Melee: War axe           |   108 |   131 |   257 |   330 ||   826
  Throw: Boomerang         |       |       |       |    34 ||    34
    Use: Scroll            |     5 |     9 |     4 |     3 ||    21
         Potion            |       |     3 |     3 |     7 ||    13
 Armour: Scale mail        |    58 |    11 |       |       ||    69
         Chain mail        |       |    70 |   160 |   243 ||   473
  Dodge: Dodged            |    43 |    43 |   105 |    98 ||   289
  Block: Buckler           |    25 |    22 |    40 |       ||    87
         Kite shield       |       |       |     2 |   176 ||   178

Table legend:
 A = Non-vault XP
 B = Vault XP
 C = Vault XP percentage of total XP
 D = Non-vault monster count
 E = Vault monster count
 F = Vault count percentage of total count
                 A         B        C        D         E       F
            +---------+---------+-------+---------+---------+-------
      Total |    9395 |    3217 |  25.5 |     186 |      52 |  21.8
            +---------+---------+-------+---------+---------+-------
        D:1 |      31 |       3 |   8.8 |      16 |       2 |  11.1
        D:2 |      91 |       5 |   5.2 |      18 |       3 |  14.3
        D:3 |     105 |       0 |   0.0 |      17 |       0 |   0.0
        D:4 |     265 |       0 |   0.0 |      25 |       0 |   0.0
        D:5 |     566 |       2 |   0.4 |      16 |       2 |  11.1
        D:6 |    1358 |       0 |   0.0 |      26 |       0 |   0.0
        D:7 |    1181 |       0 |   0.0 |      20 |       0 |   0.0
        D:8 |     948 |    1218 |  56.2 |      17 |       2 |  10.5
        D:9 |    2118 |       0 |   0.0 |      18 |       0 |   0.0
       D:10 |    2272 |    1670 |  42.4 |       8 |      27 |  77.1
    Abyss:2 |     460 |       0 |   0.0 |       5 |       0 |   0.0
    Ossuary |       0 |     319 | 100.0 |       0 |      16 | 100.0
            +---------+---------+-------+---------+---------+-------
